 Dungeon Crawl Stone Soup version 0.21.1-1-g345015f (webtiles) character file.

744242 lyrx the Annihilator (level 27, -24/210 HPs)
             Began as a Demonspawn Conjurer on Apr 6, 2018.
             Was the Champion of Vehumet.
             Killed from afar by an orb of fire (61 damage)
             ... with a bolt of fire
             ... on level 5 of the Realm of Zot on Apr 11, 2018.
             The game lasted 22:38:31 (125658 turns).

lyrx the Annihilator (Demonspawn Conjurer)        Turns: 125658, Time: 22:38:32

Health: -24/210    AC: 17    Str:  4    XL:     27
Magic:  49/52      EV: 48    Int: 30    God:    Vehumet [******]
Gold:   5112       SH: 10    Dex: 27    Spells: 9/80 levels left

rFire    . . .     SeeInvis +   W - +3 trident of Defence {freeze, *Corrode rPois MR++ Int+3}
rCold    + + .     Gourm    +   j - +3 buckler {AC+3}
rNeg     + + .     Faith    .   C - +2 robe {Archmagi}
rPois    +         Spirit   .   (helmet unavailable)
rElec    .         Reflect  .   B - +5 cloak "Mothiteu" {rPois Str+2}
rCorr    .         Harm     .   f - +1 pair of gloves of Insurance {rC++ Str-3 Dex+6}
MR       +++++     Rnd*Rage +   d - +2 pair of boots
Stlth    ..........             N - amulet of Offika {Gourm rPois rN+ Str-4 Dex+4}
HPRegen  0.45/turn              o - ring of magical power
MPRegen  0.33/turn              u - ring of Phasing {EV+8}

@: berserking (expiring), studying Staves, repel missiles, very quick
A: antennae 3, hooves 2, repulsion field 3, berserk 1, blurry vision 2, deformed
body, demonic guardian 3, frail 1, low mp 2, magic resistance 1, negative energy
resistance 1, poison resistance, screaming 1, spiny 3, 50% torment resistance,
weak 2, no potion heal 2, black mark, MP-powered wands
}: 4/15 runes: barnacled, slimy, silver, gossamer
a: Renounce Religion


You were on level 5 of the Realm of Zot.
You worshipped Vehumet.
Vehumet was exalted by your worship.
You were completely stuffed.

You visited 13 branches of the dungeon, and saw 60 of its levels.
You also visited: Ossuary and Ice Cave.

You collected 9922 gold pieces.
You spent 4810 gold pieces at shops.

Inventory:

Hand Weapons
 W - the +3 trident of Defence (weapon) {freeze, *Corrode rPois MR++ Int+3}
   (You found it on level 11 of the Dungeon)

   It has been specially enchanted to freeze those struck by it, causing extra
   injury to most foes and up to half again as much damage against particularly
   susceptible opponents.
   It can also slow down cold-blooded creatures.
   It affects your intelligence (+3).
   It protects you from poison.
   It affects your resistance to hostile enchantments.
   It may corrode you when you take damage.
Missiles
 q - 7 silver javelins (quivered)
Armour
 d - a +2 pair of boots (worn)
 f - the +1 pair of gloves of Insurance (worn) {rC++ Str-3 Dex+6}
   (You bought it in a shop on level 15 of the Dungeon)

   It affects your strength (-3).
   It affects your dexterity (+6).
   It greatly protects you from cold.
 g - a +2 buckler of fire resistance
 j - a +3 buckler of protection (worn)
 m - quicksilver dragon scales
 B - the +5 cloak "Mothiteu" (worn) {rPois Str+2}
   (You bought it in a shop on level 4 of the Dungeon)

   It affects your strength (+2).
   It protects you from poison.
 C - a +2 robe of the Archmagi (worn)
 E - the +18 shield of the Gong {rElec rN+ MR+ EV-5}
   (You found it on level 5 of the Realm of Zot)

   It affects your evasion (-5).
   It insulates you from electricity.
   It protects you from negative energy.
   It affects your resistance to hostile enchantments.
 U - the +1 faerie dragon scales {*Contam rN+++ rCorr Int+3}
   (You took it off the Enchantress on level 5 of the Depths)

   It affects your intelligence (+3).
   It renders you almost immune to negative energy.
   It causes magical contamination when unequipped.
   It protects you from acid and corrosion.
Jewellery
 a - the amulet of the Air {Inacc +Fly rElec EV+5 RMsl}
   (You found it on level 3 of the Depths)

   [amulet of inaccuracy]

   It reduces the accuracy of all your attacks.
   It affects your evasion (+5).
   It insulates you from electricity.
   It lets you fly.
   It protects you from missiles.
 i - a cursed -2 ring of intelligence
 o - a ring of magical power (left hand)
 s - a +6 ring of strength
 t - a +6 amulet of reflection
 u - the ring of Phasing (right hand) {EV+8}
   (You bought it in a shop on level 2 of the Elven Halls)

   [ring of evasion]

   It affects your evasion (+8).
 N - the amulet of Offika (around neck) {Gourm rPois rN+ Str-4 Dex+4}
   (You took it off a deep elf annihilator on level 3 of the Elven Halls)

   [amulet of the gourmand]

   It allows you to eat raw meat even when not hungry.
   It affects your strength (-4).
   It affects your dexterity (+4).
   It protects you from poison.
   It protects you from negative energy.
Wands
 b - a wand of clouds (8)
 r - a wand of digging (48)
 G - a wand of iceblast (60)
 Q - a wand of scattershot (8)
 V - a wand of acid (14)
Scrolls
 k - 16 scrolls of identify
 n - a scroll of enchant weapon
 v - 15 scrolls of remove curse
 x - 23 scrolls of teleportation
 A - 2 scrolls of magic mapping
 S - 2 scrolls of blinking
 T - 9 scrolls of fear
Potions
 e - 16 potions of curing
 h - 9 potions of might
 l - 10 potions of brilliance
 w - 7 potions of agility
 z - 4 potions of cancellation
 D - a potion of resistance
 H - a potion of heal wounds
 I - 3 potions of invisibility
 J - 11 potions of haste
 L - 3 potions of magic
 Y - a potion of flight
Books
 p - a manual of Staves
Miscellaneous
 y - a lightning rod (4/4)
 F - 6 phantom mirrors
 M - a fan of gales
 Z - a crystal ball of energy
Comestibles
 c - 47 rations


   Skills:
   Level 1.0 Axes
 - Level 11.0 Staves
 - Level 23.0 Dodging
 - Level 2.0 Stealth
 * Level 6.4 Shields
 O Level 27 Spellcasting
 O Level 27 Conjurations
 - Level 5.0 Transmutations
 + Level 10.6 Fire Magic
 + Level 12.4 Earth Magic


You had 9 spell levels left.
You knew the following spells:

 Your Spells              Type           Power        Failure   Level  Hunger
a - Magic Dart            Conj           ####         0%          1    None
c - Iskenderun's Mystic   Conj           ########     0%          4    None
d - Poison Arrow          Conj/Pois      ########..   1%          6    None
f - Fireball              Conj/Fire      ########..   0%          5    None
g - Gell's Gravitas       Tloc           ######....   1%          3    None
h - Lehudib's Crystal Sp  Conj/Erth      ########..   1%          8    ##.....
i - Irradiate             Conj/Tmut      ########..   0%          5    None
k - Blink                 Tloc           N/A          1%          2    None
l - Lightning Bolt        Conj/Air       ########..   1%          5    None
m - Bolt of Magma         Conj/Fire/Erth ########..   0%          5    None
n - Alistair's Intoxicat  Tmut/Pois      ######..     6%          5    None
o - Orb of Destruction    Conj           ########..   1%          7    None
q - Statue Form           Tmut/Erth      #######..    2%          6    None
r - Lee's Rapid Deconstr  Erth           ########..   1%          5    None
s - Sticky Flame          Conj/Fire      ########     0%          4    None


Dungeon Overview and Level Annotations

Branches:
Dungeon (15/15)            Temple (1/1) D:6            Lair (6/6) D:8
 Shoals (4/4) Lair:3       Spider (4/4) Lair:3        Slime (5/5) Lair:5
    Orc (2/2) D:10            Elf (3/3) Orc:2        Vaults (5/5) D:13
  Crypt (3/3) Vaults:3       Tomb (2/3) Crypt:3      Depths (5/5) D:15
    Zot (5/5) Depths:5

Altars:
Ashenzari
Cheibriados
Dithmenos
Elyvilon
Fedhas
Gozag
Hepliaklqana
Kikubaaqudgha
Makhleb
Nemelex Xobeh
Okawaru
Qazlal
Ru
Sif Muna
Trog
Uskayaw
Vehumet
Wu Jian
Xom
Yredelemnul
Zin
The Shining One
Jiyva

Shops:
D:4 *   D:6 ==   D:11 (   D:12 *%   D:15 [   Orc:2 (:*   Elf:2 [==}
Shoals:1 %   Vaults:2 !

Portals:
Hell: Depths:1 Depths:2 Depths:3 Depths:4 Depths:5
Abyss: Depths:1 Depths:4
Pandemonium: Depths:3
Ziggurat: Depths:1

Annotations:
Depths:1 1 transporter


Innate Abilities, Weirdness & Mutations

You have a pair of large antennae on your head. (SInv)
You are surrounded by a strong repulsion field. (EV +4, RMsl)
A powerful demonic guardian rushes to your aid.
You resist negative energy. (rN+)
You are completely covered in sharp spines.
You are somewhat able to resist unholy torments (1 in 2 success).
Your melee attacks may debilitate your foes.
You have hoof-like feet.
You tend to lose your temper in combat.
Scrolls take you longer to read.
Armour fits poorly on your strangely shaped body.
You are frail. (-10% HP)
Your magical capacity is very low. (-20% MP)
You are resistant to hostile enchantments. (MR+)
Your system is resistant to poisons. (rPois)
You occasionally shout uncontrollably at your foes.
You are very weak. (Str -4)
Potions are poor at restoring your health.
You expend magic power (3 MP) to strengthen your wands.


Message History

The green draconian is struck by your spines.
The green draconian completely misses you. x2
The orb of fire glows deep purple.
Strange energies course through your body.
You feel weaker.
The electric golem crackles and sizzles.
The orb of fire emits a lurid red light.
Strange energies course through your body.
You feel frail.
You miss the orb of fire.
The orb of fire is heavily damaged.
The orb of fire glows deep purple.
Strange energies course through your body.
You feel a little pissed off. You block the green draconian's attack.
The green draconian completely misses you.
The Killer Klown blinks!
The electric golem blinks!
The orb of fire glows yellow.
The bolt of fire hits you!
You die...

,,,,*,,,,,,,,,,,,,,,,,,,,,,**
,,,,,,,,,.......p..(....,,**
,,,,*,,,,...............,,,**
,,,**,,,,......^........,,,,**
,,***,,,,...^...........,,,,,*
*** *,,,,...............,,,,,*
**,,,....^.DdD8.....,,,,**
***,.....8**dX§....,,,**
***▓...X*@*Xdd...,,**
*▓▓▓▓▓▓#▓▓#▓##dd..,**
###...d...,,,{{{,,,.,,**
##....#*,,,,,,,,,,,,,,,,**
####...###,,,,,,{,,,,,,,,,,,**
......##*,,,,,,,,,,,,,,,,,,,,*
.....## *,,,,,,,,,,,,,,,,,,,,*
.....# *,,,,,,,,,,,,,,,,,,,,*
....## *,,,,,,,,,,,,,,,,,,,,*


You could see 4 orbs of fire, a Killer Klown, 2 electric golems, a shadow
dragon, a storm dragon, 2 draconians, a yellow draconian, 3 draconians and 3 Orb
Guardians.

Vanquished Creatures
  the Royal Jelly (Slime:5)
  2 orbs of fire (Zot:1)
  Khufu (Crypt:3)
  3 juggernauts
  An ancient lich (Vaults:5)
  Mennas (Depths:3)
  Mara (Vaults:4)
  17 greater mummies (Tomb:1)
  Boris (twice) (Vaults:3 Depths:5)
  Frederick (Vaults:3)
  The ghost of bmj180 the Minotaur Blade, a veteran MiFi of the Shining One (D:15)
  Bai Suzhen (Elf:3)
  4 caustic shrikes
  3 curse toes
  Xtahua (Crypt:3)
  Margery (Vaults:4)
  the Enchantress (Depths:5)
  4 golden dragons
  5 liches
  Jory (Vaults:4)
  A bone dragon (Crypt:3)
  A profane servitor (Crypt:3)
  Arachne (Spider:4)
  Jorgrun (Spider:4)
  12 tentacled monstrosities
  Rupert (Lair:5)
  9 Orb Guardians (Zot:5)
  5 quicksilver dragons
  A deep elf master archer (Elf:3)
  3 titans
  81 acid blobs
  3 deep elf blademasters
  Polyphemus (Shoals:2)
  16 sphinxes
  3 ancient champions
  The ghost of Ferkelamun the Warrior, an adept VSBe of Trog (Vaults:1)
  9 death cobs
  8 shadow dragons
  Ilsuiw (Shoals:4)
  13 tengu reavers
  14 fire giants
  5 draconian monks
  5 storm dragons
  Roxanne (Elf:3)
  13 frost giants
  64 azure jellies
  3 draconian knights
  7 ghost moths
  6 deep elf sorcerers
  7 draconian scorchers
  3 revenants
  14 vault wardens
  7 iron dragons
  3 orc warlords
  2 emperor scorpions
  A curse skull (Crypt:1)
  3 draconian stormcallers
  5 draconian shifters
  4 ghouls
  5 spriggan defenders
  3 deep elf elementalists (Elf:3)
  5 draconian annihilators
  4 entropy weavers
  5 war gargoyles
  22 very ugly things
  8 vampire knights
  13 ironheart preservers
  A bennu (Tomb:2)
  3 deep elf demonologists (Elf:3)
  7 black draconians
  7 green draconians
  10 deep elf annihilators
  23 stone giants
  A spectral titan (Crypt:3)
  6 white draconians
  19 yellow draconians
  4 red draconians
  8 spark wasps
  8 purple draconians
  2 eidola
  7 merfolk javelineers
  10 merfolk impalers
  10 deep elf death magi
  19 ettins
  53 death oozes
  2 minotaurs (shapeshifter)
  12 fire dragons
  10 mummy priests (Tomb:1)
  15 great orbs of eyes
  15 yaktaur captains
  14 jiangshi
  11 deep elf high priests
  18 ice dragons
  20 ogre magi
  4 rakshasas
  4 hydras
  32 vault guards
  7 catoblepae
  7 spriggan air magi
  2 merfolk avatars (Shoals:4)
  An alligator snapping turtle (Shoals:3)
  9 merfolk aquamancers
  13 centaur warriors
  4 satyrs
  6 death knights
  18 dancing weapons
  62 two-headed ogres
  8 deep troll shamans
  6 death yaks
  27 death scarabs
  3 vampire magi
  An alligator (shapeshifter) (Depths:1)
  An orc high priest (Orc:2)
  2 tengu warriors (Depths:2)
  7 deep troll earth magi
  5 spriggans
  22 deep elf knights
  5 spriggan berserkers
  2 titan skeletons
  5 shadow wraiths
  4 hell knights
  A storm dragon zombie (Tomb:1)
  2 soul eaters
  A fire crab (shapeshifter) (Vaults:1)
  An unseen horror (D:15)
  32 skeletal warriors
  4 iron trolls
  9 glowing orange brains
  19 deep trolls
  A spectral iron dragon (Crypt:3)
  An entropy weaver zombie (Crypt:2)
  A glowing orange brain (shapeshifter) (Elf:3)
  A shadow dragon zombie (Depths:4)
  A golden dragon skeleton (Crypt:2)
  11 ironbrand convokers
  10 flayed ghosts
  8 phantasmal warriors
  5 wizards
  11 sea snakes
  29 wolf spiders
  6 necromancers
  A lindwurm (Lair:6)
  15 harpies
  3 wolf spider zombies
  9 deep elf archers
  24 orb spiders
  16 orc knights
  An iron dragon zombie (Crypt:3)
  55 deep elf magi
  15 fauns
  22 moths of wrath
  47 ugly things
  129 slime creatures
  27 cyclopes
  A glowing shapeshifter (Vaults:5)
  9 oklob plants
  A shining eye (shapeshifter) (Depths:5)
  5 centaur zombies
  11 shining eyes
  7 orc sorcerers
  9 elephants
  An iron dragon skeleton (Crypt:2)
  15 merfolk sirens
  An elephant (shapeshifter) (Depths:2)
  18 manticores
  2 fire giant skeletons
  A stone giant skeleton (Crypt:1)
  A rust devil (Depths:3)
  5 black mambas
  6 eyes of devastation
  A spriggan zombie (Depths:4)
  An ice statue (IceCv)
  17 vault sentinels
  Psyche (D:8)
  5 water nymphs
  A guardian serpent (shapeshifter) (Vaults:4)
  A frost giant skeleton (Tomb:1)
  3 rime drakes
  A titan simulacrum (Depths:4)
  2 gargoyles
  A death yak zombie (Crypt:2)
  11 spiny frogs
  A yaktaur (shapeshifter) (Vaults:4)
  10 demonic crawlers
  5 komodo dragons
  5 spectral swamp worms (Depths:4)
  A hellwing (Depths:3)
  46 yaktaurs
  2 komodo dragons (shapeshifter)
  9 freezing wraiths
  A white draconian skeleton (Crypt:2)
  6 guardian mummies
  5 tengu conjurers
  A tormentor (Depths:3)
  A jumping spider (shapeshifter) (Vaults:4)
  40 jumping spiders
  A red devil (Depths:3)
  9 hornets
  31 merfolk
  10 polar bears
  9 trolls
  A meliai (D:14)
  2 queen bees
  A harpy skeleton (D:15)
  6 wind drakes
  17 blink frogs
  A shadow dragon simulacrum (Crypt:3)
  3 large abominations
  A stone giant simulacrum (Vaults:5)
  A bog body (Crypt:1)
  A satyr zombie (Crypt:1)
  10 hippogriffs
  6 snapping turtles
  6 dream sheep
  A frost giant simulacrum (Vaults:5)
  3 centaur simulacra
  A snapping turtle (shapeshifter) (Depths:3)
  A tarantella (shapeshifter) (Vaults:5)
  5 air elementals
  A spriggan (shapeshifter) (Vaults:4)
  30 tarantellas
  15 wraiths
  49 flying skulls (Crypt:3)
  5 wyverns
  28 water elementals
  Sigmund (D:5)
  8 shadows
  A fire dragon skeleton (Tomb:1)
  A human (shapeshifter) (Vaults:1)
  108 redbacks
  2 vampires
  An alligator skeleton (Tomb:2)
  2 ushabtiu (Tomb:1)
  3 hogs (D:7)
  4 basilisks
  A human (D:7)
  67 yaks
  A golden eye (shapeshifter) (Vaults:3)
  3 fire elementals
  Grum (D:8)
  17 golden eyes
  3 steam dragons
  3 vampire mosquitoes
  A wind drake skeleton (Crypt:2)
  2 hungry ghosts
  A warg (shapeshifter) (D:13)
  A soldier ant (D:12)
  12 wargs
  A deep troll zombie (Vaults:5)
  A harpy simulacrum (Crypt:1)
  2 acid dragons
  2 floating eyes
  A porcupine (shapeshifter) (D:14)
  13 water moccasins
  8 porcupines
  60 orc warriors
  3 small abominations (Crypt:3)
  3 sky beasts
  A sky beast (shapeshifter) (Vaults:2)
  An eye of draining (shapeshifter) (Vaults:5)
  3 ice beasts
  2 phantoms
  A black bear (D:13)
  6 necrophages
  23 wolves
  13 eyes of draining
  56 ogres
  A boggart (shapeshifter) (Vaults:1)
  16 crocodiles
  33 centaurs
  23 boggarts
  An elf simulacrum (Vaults:5)
  A snapping turtle skeleton (Crypt:1)
  4 big kobolds
  A rime drake skeleton (Crypt:2)
  An elf skeleton (Crypt:1)
  17 bullfrogs
  9 earth elementals
  2 scorpions
  A water moccasin skeleton (Crypt:2)
  67 killer bees
  A snapping turtle simulacrum (Crypt:1)
  8 wights
  A yak zombie (Crypt:1)
  A spriggan skeleton (Crypt:1)
  The ghost of p0werm0de the Skirmisher, a weakling GrCK of Xom (D:3)
  A lava snake (D:11)
  8 electric eels
  A bullfrog zombie (D:8)
  23 jellies
  2 quasits
  Crazy Yiuf (D:7)
  7 crimson imps
  4 human zombies (D:10)
  3 centaur skeletons
  15 hounds
  24 orc wizards
  25 orc priests
  4 bullfrog skeletons
  An iron imp (Depths:3)
  A demonspawn skeleton (Crypt:1)
  4 human skeletons
  4 iguanas
  7 worker ants
  A dwarf zombie (Crypt:1)
  A big kobold zombie (Ossuary)
  2 bullfrog simulacra (D:13)
  A crocodile skeleton (Crypt:1)
  An ogre skeleton (D:10)
  A hound zombie (D:8)
  21 mummies
  A worker ant zombie (D:5)
  2 gnolls (D:6)
  2 river rats (Lair:3)
  14 adders
  A tengu simulacrum (Tomb:2)
  6 shadow imps
  5 white imps
  An ufetubus (Depths:3)
  2 oozes
  An adder zombie (D:5)
  A lava snake zombie (Crypt:2)
  An adder skeleton (D:4)
  A halfling skeleton (Crypt:1)
  4 worms
  A dart slug (D:4)
  5 leopard geckos
  117 orcs
  2 ball pythons (D:1)
  5 giant cockroaches
  3 gnoll zombies (Ossuary)
  4 goblins
  9 hobgoblins
  5 jackals
  7 quokkas
  7 bats
  3 frilled lizards
  A frilled lizard skeleton (Crypt:1)
  A hobgoblin zombie (Ossuary)
  A jackal zombie (D:6)
  10 kobolds
  2 kobold zombies (Ossuary)
  3 leopard gecko skeletons
  An orc zombie (Ossuary)
  3 quokka skeletons
  A quokka zombie (D:7)
  7 rats
  A butterfly (Lair:1)
  2 fungi
  8 plants
3128 creatures vanquished.

Vanquished Creatures (collateral kills)
  Sojobo (Depths:2)
  2 acid blobs (Slime:5)
  A sphinx (Depths:2)
  2 azure jellies (Slime:5)
  A tengu reaver (Depths:2)
  A frost giant (IceCv)
  A deep elf elementalist (Vaults:5)
  An ironheart preserver (Vaults:5)
  A very ugly thing (Vaults:4)
  2 death oozes (Slime:5)
  A fire dragon (D:14)
  The ghost of MajorAdolf the Blocker, a journeyman DsFi of Okawaru (D:12)
  3 two-headed ogres
  A death knight (Vaults:2)
  7 death yaks
  A tengu warrior (D:12)
  An ironbrand convoker (Vaults:5)
  A phantasmal warrior (Vaults:2)
  An orc knight (Orc:1)
  A harpy (Shoals:1)
  A wolf spider (Vaults:1)
  3 ugly things
  A manticore (Lair:6)
  2 elephants
  A merfolk siren (Shoals:2)
  Joseph (D:8)
  A spiny frog (Lair:3)
  A merfolk (Shoals:2)
  5 polar bears (IceCv)
  A jumping spider (Spider:1)
  6 slime creatures
  5 blink frogs
  A dream sheep (Lair:6)
  2 hippogriffs
  2 redbacks (Spider:4)
  20 yaks
  A water elemental (Shoals:2)
  A tarantella (Spider:1)
  A basilisk (Lair:5)
  A floating eye (Slime:5)
  A water moccasin (Lair:5)
  2 orc warriors (Orc:2)
  An eye of draining (Slime:5)
  A necrophage (D:7)
  2 ogres
  3 wolves
  2 crocodiles
  4 killer bees (Lair:3)
  A hound (D:8)
  An orc wizard (D:8)
  An orc priest (Orc:2)
  4 mummies
  A gnoll (D:6)
  5 orcs
  2 jackals (D:5)
  A kobold (D:7)
  A fungus (Lair:4)
121 creatures vanquished.

Vanquished Creatures (others)
  A draconian knight (Zot:2)
  A yaktaur captain (D:15)
  A centaur warrior (D:15)
  A small abomination (Vaults:5)
  A flayed ghost (Vaults:5)
  2 deep elf archers (Elf:2)
  A faun (Shoals:2)
  2 cyclopes (D:11)
  A shining eye (Slime:3)
  A yaktaur (D:15)
  2 slime creatures (Slime:4)
  2 flying skulls (Tomb:2)
  A centaur (D:14)
  A quokka (D:14)
  A kobold (D:7)
  2 bushes (Lair:3)
  16 fungi
  20 plants
57 creatures vanquished.

Grand Total: 3306 creatures vanquished

Notes
Turn   | Place    | Note
-------+----------+-------------------------------------------
     0 | D:1      | lyrx the Demonspawn Conjurer began the quest for the Orb.
     0 | D:1      | Reached XP level 1. HP: 13/13 MP: 3/3
   314 | D:1      | Gained mutation: You have a pair of small antennae on your head. [demonic ancestry]
   314 | D:1      | Reached XP level 2. HP: 19/19 MP: 1/5
   972 | D:2      | Learned a level 2 spell: Searing Ray
  1105 | D:2      | Reached skill level 5 in Conjurations
  1105 | D:2      | Gained mutation: You are partially covered in sharp spines. [demonic ancestry]
  1105 | D:2      | Reached XP level 3. HP: 24/24 MP: 1/6
  2001 | D:2      | Found a hide-covered altar of Uskayaw.
  2254 | D:3      | Found a burning altar of Makhleb.
  2254 | D:3      | Found a glowing silver altar of Zin.
  2259 | D:3      | Found a white marble altar of Elyvilon.
  2266 | D:3      | Gained mutation: You have a pair of antennae on your head. [demonic ancestry]
  2266 | D:3      | Reached XP level 4. HP: 23/30 MP: 2/7
  2406 | D:3      | Noticed p0werm0de's ghost (weakling GrCK)
  2522 | D:3      | Killed p0werm0de's ghost
  2522 | D:3      | Reached skill level 1 in Axes
  2858 | D:3      | Gained mutation: A weak demonic guardian rushes to your aid. [demonic ancestry]
  2858 | D:3      | Reached XP level 5. HP: 15/35 MP: 4/8
  3387 | D:4      | Found a snail-covered altar of Cheibriados.
  3393 | D:4      | Learned a level 4 spell: Iskenderun's Mystic Blast
  3393 | D:4      | Noticed an ogre
  3399 | D:4      | Killed an ogre
  3441 | D:4      | Found Qezaach's Assorted Antiques.
  3594 | D:4      | Noticed an ogre
  3600 | D:4      | Killed an ogre
  3600 | D:4      | Gained mutation: You are surrounded by a mild repulsion field. (EV +2) [demonic ancestry]
  3600 | D:4      | Reached XP level 6. HP: 41/41 MP: 2/9
  3728 | D:4      | Reached skill level 1 in Shields
  3884 | D:4      | Reached XP level 7. HP: 43/46 MP: 6/10
  3944 | D:4      | Learned a level 4 spell: Force Lance
  4684 | D:4      | Found a snail-covered altar of Cheibriados.
  4949 | D:5      | Entered Level 5 of the Dungeon
  5092 | D:5      | Noticed a fire elemental
  5166 | D:5      | Found a shimmering altar of Xom.
  5166 | D:5      | Found an opulent altar of Gozag.
  5213 | D:4      | Bought a polished cloak for 199 gold pieces
  5218 | D:4      | Identified the +5 cloak "Mothiteu" {rPois Str+2} (You bought it in a shop on level 4 of the Dungeon)
  5676 | D:5      | Noticed Sigmund
  5738 | D:5      | Found a basalt altar of Yredelemnul.
  5784 | D:5      | Noticed a water elemental
  5785 | D:5      | Found a stormy altar of Qazlal.
  5788 | D:5      | Noticed an air elemental
  6236 | D:6      | Found Xikong's Jewellery Shoppe.
  6273 | D:6      | Gained mutation: You are surrounded by a moderate repulsion field. (EV +3) [demonic ancestry]
  6273 | D:6      | Reached XP level 8. HP: 52/52 MP: 1/13
  6442 | D:6      | Reached skill level 1 in Staves
  6845 | D:4      | Bought a black potion for 18 gold pieces
  6845 | D:4      | Bought a scroll labeled OXZOKL RIONIWKI for 21 gold pieces
  6845 | D:4      | Bought a scroll labeled RURCHO POLAEN for 21 gold pieces
  6845 | D:4      | Bought a sedimented inky potion for 18 gold pieces
  7042 | D:6      | Found Bis Otia's Jewellery Shoppe.
  7181 | D:6      | Found a staircase to the Ecumenical Temple.
  7191 | Temple   | Entered the Ecumenical Temple
  7473 | D:6      | Reached skill level 5 in Shields
  7876 | D:7      | Found a sand-covered staircase.
  7885 | D:7      | Noticed a two-headed ogre
  7916 | D:7      | Killed a two-headed ogre
  7916 | D:7      | Gained mutation: A demonic guardian rushes to your aid. [demonic ancestry]
  7916 | D:7      | Reached XP level 9. HP: 46/57 MP: 0/15
  7949 | Ossuary  | Entered an ossuary
  8408 | D:7      | Reached skill level 10 in Conjurations
  8420 | D:7      | Reached skill level 5 in Spellcasting
  8651 | D:5      | Killed Sigmund
  8859 | D:7      | Found a runed door.
  8861 | D:7      | Got a smoking mace
  8879 | D:7      | Identified the +5 mace "Buottol" {drain, Int+7 Dex-2} (You found it on level 7 of the Dungeon)
  8893 | D:7      | Noticed Crazy Yiuf
  8904 | D:7      | Killed Crazy Yiuf
  9211 | D:7      | Found a radiant altar of Vehumet.
  9214 | D:7      | Found an ancient bone altar of Kikubaaqudgha.
  9223 | D:7      | Became a worshipper of Vehumet
  9227 | D:7      | Found a deep blue altar of Sif Muna.
  9232 | D:7      | Identified Kikubaaqudgha's Guide on Darkness
  9452 | D:8      | Reached XP level 10. HP: 63/63 MP: 13/18
  9589 | D:8      | Noticed Psyche
  9598 | D:8      | Killed Psyche
  9865 | D:8      | Noticed Joseph
  9870 | D:8      | Killed Joseph
  9986 | D:8      | Reached skill level 5 in Staves
 10167 | D:8      | Found a staircase to the Lair.
 10283 | D:8      | Reached * piety under Vehumet
 10283 | D:8      | Offered knowledge of Shock by Vehumet.
 10369 | D:8      | Noticed Grum
 10372 | D:8      | Killed Grum
 10521 | D:4      | Bought a papyrus book for 315 gold pieces
 11116 | D:9      | Noticed a two-headed ogre
 11119 | D:9      | Killed a two-headed ogre
 11219 | D:9      | Noticed a two-headed ogre
 11225 | D:9      | Killed a two-headed ogre
 11348 | D:9      | Found a shattered altar of Ashenzari.
 11414 | D:9      | Offered knowledge of Freeze by Vehumet.
 11415 | D:9      | Reached ** piety under Vehumet
 11482 | D:9      | Found a sparkling altar of Nemelex Xobeh.
 11554 | D:9      | Noticed a two-headed ogre
 11560 | D:9      | Killed a two-headed ogre
 11560 | D:9      | Reached XP level 11. HP: 41/68 MP: 21/21
 11966 | D:10     | Entered Level 10 of the Dungeon
 12183 | D:10     | Offered knowledge of Inner Flame by Vehumet.
 12292 | D:10     | Found a staircase to the Orcish Mines.
 12806 | D:10     | Found a basalt altar of Yredelemnul.
 12881 | D:10     | Reached *** piety under Vehumet
 13024 | D:11     | Reached skill level 5 in Dodging
 13038 | D:11     | Noticed a two-headed ogre
 13043 | D:11     | Killed a two-headed ogre
 13145 | D:11     | Found a frozen archway.
 13290 | IceCv    | Entered an ice cave
 13298 | IceCv    | Offered knowledge of Sticky Flame by Vehumet.
 13308 | IceCv    | Learned a level 4 spell: Sticky Flame
 13661 | IceCv    | Noticed a frost giant
 13671 | IceCv    | Killed a frost giant
 13671 | IceCv    | Reached XP level 12. HP: 74/74 MP: 12/24
 13673 | IceCv    | Reached **** piety under Vehumet
 13742 | IceCv    | Offered knowledge of Iskenderun's Battlesphere by Vehumet.
 13863 | IceCv    | Learned a level 5 spell: Iskenderun's Battlesphere
 13906 | IceCv    | Got a smoking glaive
 15128 | D:11     | Reached skill level 15 in Conjurations
 15525 | D:11     | Got a warped longbow {flame}
 15568 | D:11     | Noticed a fire giant
 15574 | D:11     | Killed a fire giant
 15698 | D:11     | Got a dazzling trident
 15892 | D:11     | Found Syuchelu's Antique Weapon Emporium.
 16286 | D:11     | Identified the +3 trident of Defence {freeze, *Corrode rPois MR++ Int+3} (You found it on level 11 of the Dungeon)
 16287 | D:11     | Identified the +4 glaive "Jyhon" {chop, rPois} (You found it in an ice cave)
 16288 | D:11     | Identified the +8 longbow of Valour {flame, Str+5 Dex+4 SInv} (You took it off a centaur on level 11 of the Dungeon)
 16417 | Lair:1   | Entered Level 1 of the Lair of Beasts
 16542 | Lair:1   | Gained mutation: You are surrounded by a strong repulsion field. (EV +4, RMsl) [potion of mutation]
 16542 | Lair:1   | Lost mutation: You are surrounded by a strong repulsion field. (EV +4, RMsl) [potion of mutation]
 16542 | Lair:1   | Gained mutation: Your muscles are strong. (Str +2) [potion of mutation]
 16543 | Lair:1   | Lost mutation: Your muscles are strong. (Str +2) [potion of mutation]
 16543 | Lair:1   | Gained mutation: You are agile. (Dex +2) [potion of mutation]
 16543 | Lair:1   | Gained mutation: Your system is resistant to poisons. (rPois) [potion of mutation]
 16543 | Lair:1   | Gained mutation: You are robust. (+10% HP) [potion of mutation]
 16543 | Lair:1   | Gained mutation: You have sharp fingernails. [potion of mutation]
 16660 | Lair:1   | Reached XP level 13. HP: 86/86 MP: 16/26
 17407 | Lair:2   | Reached skill level 10 in Spellcasting
 17421 | Lair:2   | Reached ***** piety under Vehumet
 17421 | Lair:2   | Offered knowledge of Lightning Bolt by Vehumet.
 17609 | Lair:2   | Learned a level 5 spell: Lightning Bolt
 18205 | Lair:3   | Offered knowledge of Bolt of Fire by Vehumet.
 18418 | Lair:3   | Found a staircase to the Shoals.
 18762 | Lair:3   | Found a hole to the Spider Nest.
 19462 | Lair:4   | Reached XP level 14. HP: 93/93 MP: 22/28
 20113 | Lair:5   | Reached skill level 10 in Dodging
 20232 | Lair:5   | Noticed Rupert
 20248 | Lair:5   | Killed Rupert
 20516 | Lair:5   | Offered knowledge of Freezing Cloud by Vehumet.
 20821 | Lair:5   | Found a staircase to the Slime Pits.
 21102 | Lair:6   | Entered Level 6 of the Lair of Beasts
 23484 | Orc:1    | Entered Level 1 of the Orcish Mines
 23765 | Orc:2    | Entered Level 2 of the Orcish Mines
 23765 | Orc:2    | Noticed an orc warlord
 23771 | Orc:2    | Killed an orc warlord
 23771 | Orc:2    | Gained mutation: You have a pair of large antennae on your head. (SInv) [demonic ancestry]
 23771 | Orc:2    | Reached XP level 15. HP: 85/99 MP: 30/30
 23771 | Orc:2    | Offered knowledge of Ozocubu's Refrigeration by Vehumet.
 23934 | Orc:2    | Noticed an orc warlord
 24245 | Shoals:1 | Entered Level 1 of the Shoals
 24367 | Shoals:1 | Found Diakir's Food Shoppe.
 25218 | Shoals:2 | Noticed Polyphemus
 25574 | Shoals:2 | Killed Polyphemus
 27460 | Spider:1 | Entered Level 1 of the Spider Nest
 29228 | Spider:1 | Reached ****** piety under Vehumet
 29524 | Spider:1 | Noticed a ghost moth
 29611 | Slime:1  | Entered Level 1 of the Pits of Slime
 29611 | Slime:1  | Noticed an acid blob
 29614 | Slime:1  | Killed an acid blob
 29614 | Slime:1  | Gained mutation: You are mostly covered in sharp spines. [demonic ancestry]
 29614 | Slime:1  | Reached XP level 16. HP: 105/105 MP: 30/32
 29616 | Slime:1  | Noticed an acid blob
 29791 | Orc:1    | Offered knowledge of Iron Shot by Vehumet.
 29820 | Orc:1    | Learned a level 6 spell: Iron Shot
 30683 | Orc:2    | Found Zulasuf's Antique Armour Shop.
 30837 | Orc:2    | Found Tyidilan's Book Shoppe.
 30845 | Orc:2    | Bought a book of Flames for 525 gold pieces
 30845 | Orc:2    | Bought a book of Power for 675 gold pieces
 30853 | Orc:2    | Learned a level 7 spell: Orb of Destruction
 30889 | Orc:2    | Found Isoymux's General Store.
 30897 | Orc:2    | Bought a scroll of blinking for 105 gold pieces
 31025 | Orc:2    | Found a staircase to the Elven Halls.
 31707 | Orc:2    | Found Zuaz's Antique Weapon Boutique.
 32549 | D:12     | Learned a level 5 spell: Fireball
 32553 | D:12     | Found Kaf Cuym's Changing Room.
 32666 | D:12     | Found Dieczeun's Food Shoppe.
 32864 | D:12     | Found a basalt altar of Yredelemnul.
 33456 | D:13     | Reached skill level 1 in Fire Magic
 33456 | D:13     | Offered knowledge of Poison Arrow by Vehumet.
 33724 | D:13     | Learned a level 6 spell: Poison Arrow
 33986 | D:12     | Noticed MajorAdolf's ghost (journeyman DsFi)
 33991 | D:12     | Killed MajorAdolf's ghost
 34327 | D:13     | Found a gate to the Vaults.
 34521 | D:13     | Found a runed door.
 34545 | D:13     | Found the +2 hat of the Bear Spirit {Spirit, +Rage rN+ MR++}
 35465 | D:14     | Found a white marble altar of Elyvilon.
 36222 | D:15     | Entered Level 15 of the Dungeon
 36551 | D:15     | Noticed bmj180's ghost (veteran MiFi)
 37373 | D:15     | Offered knowledge of Conjure Ball Lightning by Vehumet.
 37569 | D:15     | Reached XP level 17. HP: 96/111 MP: 33/34
 37901 | D:15     | Found Roeghac's Antique Armour Emporium.
 38121 | D:15     | Found a staircase to the Depths.
 38557 | D:15     | Bought a pair of spiked gloves for 304 gold pieces
 38573 | D:15     | Identified the +1 pair of gloves of Insurance {rC++ Str-3 Dex+6} (You bought it in a shop on level 15 of the Dungeon)
 38657 | D:15     | Killed bmj180's ghost
 38657 | D:15     | Reached skill level 5 in Fire Magic
 41712 | Spider:3 | Offered knowledge of Lehudib's Crystal Spear by Vehumet.
 41712 | Spider:3 | Offered knowledge of Glaciate by Vehumet.
 41712 | Spider:3 | Offered knowledge of Ignition by Vehumet.
 42866 | Spider:4 | Entered Level 4 of the Spider Nest
 42903 | Spider:4 | Noticed Arachne
 43174 | Spider:4 | Noticed Jorgrun
 43899 | Spider:4 | Killed Arachne
 44159 | Spider:4 | Gained mutation: You resist negative energy. (rN+) [demonic ancestry]
 44159 | Spider:4 | Reached XP level 18. HP: 117/117 MP: 19/35
 44774 | Spider:4 | Got a gossamer rune of Zot
 44899 | Spider:4 | Reached skill level 15 in Dodging
 45030 | Spider:4 | Killed Jorgrun
 45710 | Elf:1    | Entered Level 1 of the Elven Halls
 47687 | Elf:2    | Found Jovuxauq's Antique Armour Shop.
 47724 | Elf:2    | Found Nyd Nupi's Jewellery Emporium.
 47727 | Elf:2    | Found Elidwide's Gadget Boutique.
 47728 | Elf:2    | Found Asumo's Jewellery Emporium.
 48877 | Elf:2    | Found a runed gate.
 48905 | Elf:2    | Found a runed gate.
 48910 | Elf:2    | Found a runed gate.
 50736 | Lair:1   | Learned a level 5 spell: Bolt of Magma
 50894 | Elf:3    | Entered Level 3 of the Elven Halls
 51021 | Elf:3    | Noticed Bai Suzhen
 51217 | Elf:3    | Killed Bai Suzhen
 51217 | Elf:3    | Gained mutation: You are somewhat able to resist unholy torments (1 in 2 success). [demonic ancestry]
 51217 | Elf:3    | Reached XP level 19. HP: 123/123 MP: 19/36
 51617 | Elf:3    | Got a warped ring mail
 51628 | Elf:3    | Identified the cursed +1 ring mail "Zewiurus" {rPois Regen+ Int+7} (You found it on level 3 of the Elven Halls)
 52008 | Elf:3    | Reached skill level 1 in Earth Magic
 52220 | Elf:3    | Noticed Roxanne
 52226 | Elf:3    | Killed Roxanne
 52243 | Elf:3    | Identified Roxanne's Volume of Moulding (You took it off Roxanne on level 3 of the Elven Halls)
 52857 | Elf:3    | Noticed a Brimstone Fiend
 53297 | Elf:3    | Reached skill level 5 in Earth Magic
 53714 | Elf:3    | Got a faintly glowing scimitar {freeze}
 53996 | Elf:3    | Got a sparkling garnet amulet
 54029 | Elf:3    | Got a heavily runed copper ring
 54799 | Elf:3    | Got a bloodstained mace {holy}
 54846 | Elf:3    | Identified Vote Huyph's Papyrus of Summoning and Sinister Arts
 54856 | Elf:3    | Identified the ring "Ilityor" {*Tele rN+ Str+10} (You took it off a deep elf knight on level 3 of the Elven Halls)
 54865 | Elf:3    | Identified the amulet of Offika {Gourm rPois rN+ Str-4 Dex+4} (You took it off a deep elf annihilator on level 3 of the Elven Halls)
 54939 | Elf:3    | Got a pitted scale mail
 54943 | Elf:3    | Identified the +8 scimitar "Rigrol" {freeze, Str+2 Int+2} (You took it off a deep elf mage on level 3 of the Elven Halls)
 54973 | Elf:3    | Identified the +1 scale mail "Jaorub" {rElec MR++} (You took it off a deep elf high priest on level 3 of the Elven Halls)
 55187 | Orc:2    | Bought a scroll of amnesia for 49 gold pieces
 55496 | D:13     | Got an encrusted mace
 55499 | D:13     | Identified the +3 mace of the Tundras {freeze, rN+ Int+7} (You found it on level 13 of the Dungeon)
 55602 | Vaults:1 | Entered Level 1 of the Vaults
 55964 | Vaults:1 | Got a bloodstained scale mail
 55977 | Vaults:1 | Identified the +1 scale mail "Fuetteo" {rElec} (You found it on level 1 of the Vaults)
 56549 | Vaults:1 | Noticed Ferkelamun's ghost (adept VSBe)
 56558 | Vaults:1 | Killed Ferkelamun's ghost
 58157 | Vaults:1 | Reached XP level 20. HP: 113/129 MP: 21/37
 59342 | Vaults:2 | Found Plog's Distillery.
 59617 | Vaults:2 | Got a translucent scimitar {slice}
 59865 | Vaults:2 | Reached skill level 10 in Earth Magic
 61587 | Vaults:3 | Noticed Frederick
 61748 | Vaults:3 | Killed Frederick
 61760 | Vaults:3 | Learned a level 8 spell: Lehudib's Crystal Spear
 62105 | Vaults:3 | Identified the cursed +2 scimitar of Getowkic {slice, Str+4} (You took it off a necromancer on level 2 of the Vaults)
 62701 | Vaults:3 | Noticed Boris
 62705 | Vaults:3 | Killed Boris
 62863 | Vaults:3 | Reached skill level 15 in Spellcasting
 63093 | Vaults:3 | Reached XP level 21. HP: 135/135 MP: 23/40
 64057 | Vaults:3 | Found a staircase to the Crypt.
 64867 | Vaults:4 | Noticed Jory
 65041 | Vaults:4 | Killed Jory
 66198 | Vaults:4 | Noticed Margery
 66201 | Vaults:4 | Killed Margery
 67227 | Elf:2    | Bought the ring of Phasing {EV+8} for 2560 gold pieces
 67227 | Elf:2    | Found the ring of Phasing {EV+8}
 68749 | Shoals:4 | Entered Level 4 of the Shoals
 68829 | Shoals:4 | Gained mutation: You are surrounded by a strong repulsion field. (EV +4, RMsl) [demonic ancestry]
 68829 | Shoals:4 | Reached XP level 22. HP: 141/141 MP: 38/42
 69737 | Shoals:4 | Got a barnacled rune of Zot
 70080 | Shoals:4 | Noticed Ilsuiw
 70083 | Shoals:4 | Killed Ilsuiw
 70900 | Depths:1 | Entered Level 1 of the Depths
 71218 | Depths:1 | Found a gateway to a ziggurat.
 71357 | Depths:1 | Found a one-way gate to the infinite horrors of the Abyss.
 71609 | Depths:1 | Found a gateway to Hell.
 71826 | Depths:1 | Found a viscous altar of Jiyva.
 72464 | Depths:1 | Found a transporter.
 73980 | Depths:2 | Noticed Sojobo
 73991 | Depths:2 | Killed Sojobo
 74945 | Depths:2 | Reached XP level 23. HP: 147/147 MP: 39/45
 75298 | Depths:2 | Found a runed door.
 75637 | Depths:2 | Noticed a juggernaut
 75817 | Depths:1 | Killed a juggernaut
 76336 | Depths:2 | Noticed a caustic shrike
 76342 | Depths:2 | Killed a caustic shrike
 76595 | Depths:2 | Noticed a caustic shrike
 76600 | Depths:2 | Killed a caustic shrike
 77073 | Depths:2 | Paralysed by a floating eye for 4 turns
 77191 | Depths:2 | Got an ancient flail
 77194 | Depths:2 | Identified the +9 flail "Lecs" {crush, rPois rF+ Int+3} (You found it on level 2 of the Depths)
 79307 | Depths:3 | Found a one-way gate leading to the halls of Pandemonium.
 79377 | Depths:3 | Noticed Mennas
 79381 | Depths:3 | Killed Mennas
 79540 | Depths:3 | Noticed a juggernaut
 79573 | Depths:3 | Killed a juggernaut
 80018 | Depths:3 | Found the amulet of the Air {Inacc +Fly rElec EV+5 RMsl}
 80069 | Depths:3 | Identified the Disquisition on the Helpful Volcanoes
 80413 | Depths:3 | Gained mutation: A powerful demonic guardian rushes to your aid. [demonic ancestry]
 80413 | Depths:3 | Reached XP level 24. HP: 154/154 MP: 20/46
 83287 | Depths:4 | Noticed a juggernaut
 83288 | Depths:4 | Found a runed door.
 83504 | Depths:4 | Killed a juggernaut
 83560 | Depths:4 | Got a faintly glowing great sword
 83738 | Depths:4 | Identified the +12 great sword of Proximity {freeze, MP+9} (You found it on level 4 of the Depths)
 83872 | Depths:5 | Entered Level 5 of the Depths
 84250 | Depths:5 | Noticed Boris
 84254 | Depths:5 | Killed Boris
 84256 | Depths:5 | Noticed the Enchantress
 84262 | Depths:5 | Killed the Enchantress
 84269 | Depths:5 | Gained mutation: You are dopey. (Int -2) [a shining eye]
 84696 | Depths:5 | Got faerie dragon scales
 85208 | Depths:5 | Identified the +1 faerie dragon scales {*Contam rN+++ rCorr Int+3} (You took it off the Enchantress on level 5 of the Depths)
 86692 | Depths:5 | Found a gate to the Realm of Zot.
 87548 | Lair:1   | Learned a level 5 spell: Lee's Rapid Deconstruction
 87554 | Lair:1   | Learned a level 5 spell: Irradiate
 87557 | Lair:1   | Learned a level 2 spell: Blink
 89068 | Depths:1 | Found a transporter.
 89094 | Depths:1 | Got a smoking quarterstaff
 89102 | Depths:1 | Identified the +4 quarterstaff of Somewhere Else {speed, rElec rC+ Int+2} (You found it on level 1 of the Depths)
 90589 | Crypt:1  | Entered Level 1 of the Crypt
 91418 | Crypt:1  | Reached XP level 25. HP: 159/159 MP: 47/47
 92791 | Crypt:3  | Entered Level 3 of the Crypt
 93324 | Crypt:3  | Noticed Khufu
 93330 | Crypt:3  | Killed Khufu
 93330 | Crypt:3  | Reached skill level 10 in Fire Magic
 93585 | Crypt:3  | Found an ancient bone altar of Kikubaaqudgha.
 93651 | Crypt:3  | Reached skill level 27 in Conjurations
 93911 | Crypt:3  | Reached skill level 1 in Transmutations
 94025 | Crypt:3  | Got an ominously black robe
 94253 | Crypt:3  | Identified the +2 robe of the Cicada {rF- rCorr Int+4 Slay+3} (You took it off a skeletal warrior on level 3 of the Crypt)
 94354 | Crypt:3  | Noticed Xtahua
 94365 | Crypt:3  | Killed Xtahua
 95230 | Crypt:3  | Found the +6 Majin-Bo {vamp, Archmagi MP+6 Int+6}
 95535 | Crypt:3  | Found a staircase to the Tomb.
 95568 | Tomb:1   | Entered Level 1 of the Tomb of the Ancients
 95600 | Tomb:1   | Got a slimy robe
 95611 | Tomb:1   | Identified the cursed +1 robe of Wu Jian's Displeasure {*Drain rCorr SInv} (You found it on level 1 of the Tomb of the Ancients)
 96391 | Tomb:1   | Reached skill level 5 in Transmutations
 96414 | Tomb:1   | Noticed a greater mummy
 96422 | Tomb:1   | Killed a greater mummy
 97264 | Tomb:1   | Gained mutation: Your melee attacks may debilitate your foes. [demonic ancestry]
 97264 | Tomb:1   | Reached XP level 26. HP: 158/165 MP: 46/48
 97326 | Tomb:1   | Found the +5 demon whip "Spellbinder" {antimagic, MR+}
 97595 | Tomb:2   | Noticed a greater mummy
 97595 | Tomb:2   | Noticed a greater mummy
 97595 | Tomb:2   | Noticed a greater mummy
 97595 | Tomb:2   | Noticed a greater mummy
 98149 | Tomb:1   | Noticed a greater mummy
 98153 | Tomb:1   | Killed a greater mummy
 98165 | Tomb:1   | Noticed a greater mummy
 98330 | Tomb:1   | Noticed a greater mummy
 98333 | Tomb:1   | Killed a greater mummy
 98604 | Tomb:1   | Noticed a greater mummy
 98604 | Tomb:1   | Killed a greater mummy
 98687 | Tomb:1   | Killed a greater mummy
 98711 | Tomb:1   | Noticed a greater mummy
 98899 | Tomb:1   | Killed a greater mummy
 99105 | Tomb:1   | Noticed a greater mummy
 99111 | Tomb:1   | Killed a greater mummy
 99135 | Tomb:1   | Noticed a greater mummy
 99428 | Tomb:1   | Killed a greater mummy
 99434 | Tomb:1   | Identified a scroll of acquirement
 99437 | Tomb:1   | Got a heavily runed chain mail
 99442 | Crypt:3  | Identified the +5 chain mail "Taaj" {Str+2 Int+3} (You acquired it on level 1 of the Tomb of the Ancients)
 99608 | Tomb:1   | Noticed a greater mummy
 99611 | Tomb:1   | Killed a greater mummy
 99954 | Tomb:1   | Noticed a greater mummy
 99967 | Tomb:1   | Noticed a greater mummy
 99970 | Tomb:1   | Killed a greater mummy
100079 | Tomb:1   | Killed a greater mummy
100156 | Tomb:1   | Noticed a greater mummy
100269 | Tomb:1   | Killed a greater mummy
100400 | Tomb:1   | Noticed a greater mummy
100464 | Tomb:1   | Killed a greater mummy
100544 | Tomb:1   | Noticed a greater mummy
100549 | Tomb:1   | Killed a greater mummy
100576 | Tomb:1   | Noticed a greater mummy
100729 | Tomb:1   | Killed a greater mummy
101024 | Tomb:1   | Noticed a greater mummy
101335 | Tomb:1   | Killed a greater mummy
101705 | Tomb:1   | Noticed a greater mummy
101739 | Tomb:1   | Killed a greater mummy
102737 | Slime:1  | Gained mutation: Your spells are a little easier to cast, but a little less powerful. [a shining eye]
102857 | Slime:1  | Found a viscous altar of Jiyva.
103399 | Slime:2  | Gained mutation: You do not regenerate when monsters are visible. [a shining eye]
105717 | Slime:3  | Gained mutation: You are completely covered in sharp spines. [demonic ancestry]
105717 | Slime:3  | Reached XP level 27. HP: 121/171 MP: 41/50
105855 | Slime:4  | Lost mutation: You are agile. (Dex +2) [a shining eye]
106256 | Slime:4  | Paralysed by a floating eye for 3 turns
106722 | Slime:5  | Entered Level 5 of the Pits of Slime
107127 | Slime:5  | Paralysed by a floating eye for 4 turns
107305 | Slime:5  | Noticed the Royal Jelly
108816 | Slime:5  | Found a viscous altar of Jiyva.
109049 | Slime:5  | Got a scorched lajatang
109660 | Slime:5  | Got a slimy rune of Zot
109662 | Slime:5  | Got a crude broad axe
109715 | Slime:4  | Identified the +6 lajatang "Enilusec" {slice, -Tele rElec Dex+2} (You found it on level 5 of the Pits of Slime)
109719 | Slime:4  | Identified the +11 broad axe of Optimality {elec, Str+4} (You found it on level 5 of the Pits of Slime)
110140 | Slime:5  | Got a transparent glaive
110142 | Slime:5  | Got a transparent silver ring
110154 | Slime:5  | Got a slimy steel amulet
110201 | Slime:4  | Identified the ring of Isohyfa {Fire rPois Str+4 Int-2} (You found it on level 5 of the Pits of Slime)
110202 | Slime:4  | Identified the amulet "Ytwueli" {+Blink +Rage rPois Str-5} (You found it on level 5 of the Pits of Slime)
112031 | Slime:5  | Killed the Royal Jelly
113091 | Lair:1   | Learned a level 6 spell: Statue Form
113145 | Lair:1   | Identified the +12 glaive of Peace {antimagic, +Rage rC+ Int-5 SInv} (You found it on level 5 of the Pits of Slime)
113179 | Lair:1   | Lost mutation: You are dopey. (Int -2) [potion of mutation]
113179 | Lair:1   | Lost mutation: Your system is resistant to poisons. (rPois) [potion of mutation]
113179 | Lair:1   | Lost mutation: You have sharp fingernails. [potion of mutation]
113179 | Lair:1   | Gained mutation: You passively map a small area around you. [potion of mutation]
113180 | Lair:1   | Lost mutation: You do not regenerate when monsters are visible. [potion of mutation]
113180 | Lair:1   | Lost mutation: You passively map a small area around you. [potion of mutation]
113180 | Lair:1   | Lost mutation: You are robust. (+10% HP) [potion of mutation]
113180 | Lair:1   | Gained mutation: You are covered in fur. (AC +1) [potion of mutation]
113180 | Lair:1   | Gained mutation: You are robust. (+10% HP) [potion of mutation]
113181 | Lair:1   | Lost mutation: You are robust. (+10% HP) [potion of mutation]
113181 | Lair:1   | Lost mutation: Your spells are a little easier to cast, but a little less powerful. [potion of mutation]
113181 | Lair:1   | Gained mutation: You are dopey. (Int -2) [potion of mutation]
113181 | Lair:1   | Gained mutation: You tend to lose your temper in combat. [potion of mutation]
113181 | Lair:1   | Gained mutation: You passively map a small area around you. [potion of mutation]
113182 | Lair:1   | Lost mutation: You are dopey. (Int -2) [potion of mutation]
113182 | Lair:1   | Lost mutation: You tend to lose your temper in combat. [potion of mutation]
113182 | Lair:1   | Gained mutation: Your system is resistant to poisons. (rPois) [potion of mutation]
113182 | Lair:1   | Gained mutation: You have large cloven feet. [potion of mutation]
113317 | Lair:1   | Gained mutation: You are occasionally teleported next to monsters. [mutagenic glow]
113345 | Lair:1   | Gained mutation: You are weak. (Str -2) [mutagenic glow]
113366 | Lair:1   | Learned a level 5 spell: Alistair's Intoxication
113370 | Lair:1   | Learned a level 3 spell: Gell's Gravitas
113379 | Lair:1   | Lost mutation: You are weak. (Str -2) [potion of mutation]
113379 | Lair:1   | Gained mutation: Armour fits poorly on your strangely shaped body. [potion of mutation]
113379 | Lair:1   | Gained mutation: You are agile. (Dex +2) [potion of mutation]
113380 | Lair:1   | Lost mutation: You are agile. (Dex +2) [potion of mutation]
113380 | Lair:1   | Lost mutation: You passively map a small area around you. [potion of mutation]
113380 | Lair:1   | Lost mutation: You are occasionally teleported next to monsters. [potion of mutation]
113380 | Lair:1   | Lost mutation: Armour fits poorly on your strangely shaped body. [potion of mutation]
113380 | Lair:1   | Gained mutation: You occasionally shout uncontrollably at your foes. [potion of mutation]
113380 | Lair:1   | Gained mutation: You are frail. (-10% HP) [potion of mutation]
113380 | Lair:1   | Gained mutation: You have hoof-like feet. [potion of mutation]
113381 | Lair:1   | Lost mutation: You are covered in fur. (AC +1) [potion of mutation]
113381 | Lair:1   | Lost mutation: You are frail. (-10% HP) [potion of mutation]
113381 | Lair:1   | Gained mutation: You are resistant to hostile enchantments. (MR+) [potion of mutation]
113783 | Vaults:4 | Noticed Mara
113790 | Vaults:4 | Noticed lyrx's illusion
114442 | Vaults:4 | Killed Mara
114568 | Vaults:5 | Entered Level 5 of the Vaults
114570 | Vaults:5 | Noticed an ancient lich
114585 | Vaults:4 | Gained mutation: Armour fits poorly on your strangely shaped body. [mutagenic glow]
114778 | Vaults:5 | Killed an ancient lich
116073 | Vaults:5 | Got an ancient brass ring
116077 | Vaults:5 | Identified the ring "Emifyfag" {rF- MR+ Int+4 Dex+4} (You took it off a deep elf death mage on level 5 of the Vaults)
116207 | Vaults:5 | Got a dazzling short sword
116755 | Vaults:5 | Got a silver rune of Zot
117175 | Vaults:5 | Identified the cursed +0 short sword of Midwinter {antimagic, +Fly} (You found it on level 5 of the Vaults)
117243 | Vaults:5 | Got a brightly glowing falchion {drain}
117355 | Vaults:5 | Identified the +11 falchion of Subjectivity {drain, +Inv +Fly} (You took it off a vault warden on level 5 of the Vaults)
117965 | Zot:1    | Entered Level 1 of the Realm of Zot
118374 | Zot:1    | Noticed an orb of fire
118378 | Zot:1    | Killed an orb of fire
118764 | Zot:1    | Noticed an orb of fire
119236 | Zot:1    | Gained mutation: Potions are less effective at restoring your health. [an orb of fire]
119240 | Zot:1    | Killed an orb of fire
120112 | Zot:2    | Reached skill level 10 in Staves
124817 | Zot:4    | Reached skill level 27 in Spellcasting
125210 | Zot:5    | Entered Level 5 of the Realm of Zot
125281 | Zot:5    | Found the +18 shield of the Gong {rElec rN+ MR+ EV-5}
125641 | Zot:5    | Noticed an orb of fire
125641 | Zot:5    | Gained mutation: Scrolls take you a little longer to read. [an orb of fire]
125642 | Zot:5    | Noticed an orb of fire
125642 | Zot:5    | Noticed an orb of fire
125643 | Zot:5    | Gained mutation: You expend magic power (3 MP) to strengthen your wands. [an orb of fire]
125645 | Zot:5    | Gained mutation: Your magical capacity is low. (-10% MP) [an orb of fire]
125646 | Zot:5    | Noticed an orb of fire
125649 | Zot:5    | Gained mutation: Scrolls take you longer to read. [an orb of fire]
125650 | Zot:5    | Gained mutation: Potions are poor at restoring your health. [an orb of fire]
125651 | Zot:5    | Gained mutation: Your magical capacity is very low. (-20% MP) [an orb of fire]
125654 | Zot:5    | Gained mutation: You are weak. (Str -2) [an orb of fire]
125657 | Zot:5    | Gained mutation: You are very weak. (Str -4) [an orb of fire]
125657 | Zot:5    | Gained mutation: You are frail. (-10% HP) [an orb of fire]
125658 | Zot:5    | Gained mutation: You tend to lose your temper in combat. [an orb of fire]
125658 | Zot:5    | Killed from afar by an orb of fire

Skill      XL: |  1  2  3  4  5  6  7  8  9 10 11 12 13 14 15 16 17 18 19 20 21 22 23 24 25 26 27 |
---------------+----------------------------------------------------------------------------------+-----
Conjurations   | 5 6 7 8 9 11 12 14 15 16 18 19 20 21 23 24 25 26 27 | 27.0
Axes           | 1 |  1.0
Dodging        | 2 4 6 8 9 11 13 14 15 16 17 18 19 20 21 23 | 23.0
Stealth        | 2 |  2.0
Shields        | 2 3 5 6 |  6.4
Spellcasting   | 3 4 5 7 8 9 10 11 12 13 15 16 18 19 20 21 23 27 | 27.0
Staves         | 3 4 5 11 | 11.0
Fire Magic     | 4 6 9 10 | 10.6
Earth Magic    | 8 10 12 | 12.4
Transmutations | 5 |  5.0

Action                   |  1- 3 |  4- 6 |  7- 9 | 10-12 | 13-15 | 16-18 | 19-21 | 22-24 | 25-27 || total
-------------------------+-------+-------+-------+-------+-------+-------+-------+-------+-------++-------
Melee: Unarmed           |     1 |       |       |       |       |       |       |       |       ||     1
       War axe           |    19 |    43 |    17 |       |       |       |       |       |       ||    79
       Staff             |       |       |    71 |       |    14 |    35 |       |       |       ||   120
       Mace              |       |       |       |   259 |   172 |       |    39 |       |       ||   470
       Trident           |       |       |       |     9 |   152 |   266 |    25 |   185 |   357 ||   994
       Kick              |       |       |       |       |       |       |       |       |    37 ||    37
       Quarterstaff      |       |       |       |       |       |       |       |       |     1 ||     1
Throw: Tomahawk          |       |       |       |       |     4 |       |       |     1 |       ||     5
 Cast: Magic Dart        |    53 |    16 |   111 |    63 |    61 |    17 |    11 |     8 |    73 ||   413
       Searing Ray       |     6 |    13 |    45 |    44 |    42 |    15 |     4 |    14 |       ||   183
       Iskenderun's Myst |       |       |    11 |   154 |   423 |   206 |    17 |     1 |     6 ||   818
       Sticky Flame      |       |       |       |     4 |    18 |    17 |     1 |     1 |       ||    41
       Lightning Bolt    |       |       |       |       |    76 |    16 |     1 |     1 |       ||    94
       Iskenderun's Batt |       |       |       |       |     8 |     2 |       |       |       ||    10
       Poison Arrow      |       |       |       |       |       |   372 |   369 |   234 |   131 ||  1106
       Fireball          |       |       |       |       |       |    74 |   135 |   151 |   166 ||   526
       Orb of Destructio |       |       |       |       |       |   109 |   127 |    67 |    94 ||   397
       Iron Shot         |       |       |       |       |       |    15 |       |       |       ||    15
       Force Lance       |       |       |       |       |       |     3 |       |       |       ||     3
       Bolt of Magma     |       |       |       |       |       |       |    68 |   191 |   760 ||  1019
       Lehudib's Crystal |       |       |       |       |       |       |     3 |   112 |   175 ||   290
       Lee's Rapid Decon |       |       |       |       |       |       |       |   119 |    92 ||   211
       Irradiate         |       |       |       |       |       |       |       |       |    81 ||    81
       Statue Form       |       |       |       |       |       |       |       |       |    51 ||    51
 Abil: Evoke Flight      |       |       |       |       |       |       |       |       |     2 ||     2
       Evoke Blink       |       |       |       |       |       |       |       |       |     1 ||     1
Evoke: Wand              |       |       |     1 |       |       |     1 |     1 |    11 |     5 ||    19
       Lightning rod     |       |       |       |       |       |       |       |       |     3 ||     3
  Use: Scroll            |       |       |    22 |     4 |     7 |    10 |     4 |     8 |    20 ||    75
       Potion            |       |       |     2 |     5 |     1 |     7 |     2 |     5 |    22 ||    44
 Stab: Sleeping          |     2 |     1 |     1 |     6 |       |       |       |       |       ||    10
       Distracted        |       |     1 |       |     1 |       |       |       |     2 |     2 ||     6
       Invisible         |       |       |       |       |       |     2 |       |       |       ||     2
  Eat: Chunk             |     5 |     6 |    16 |    16 |    23 |   107 |   128 |   125 |    79 ||   505
       Ration            |       |       |     1 |     3 |     8 |    31 |     8 |     1 |    25 ||    77
Armor: Robe              |     5 |     9 |    32 |    68 |   108 |    75 |    13 |    28 |    36 ||   374
       Acid dragon scale |       |       |       |       |       |       |       |       |   136 ||   136
       Skin              |       |       |       |       |       |       |       |       |    77 ||    77
Dodge: Dodged            |    16 |    43 |    66 |   221 |   481 |   581 |   175 |   373 |  1847 ||  3803
       Deflected         |       |       |       |       |       |       |       |     9 |    92 ||   101
Block: Buckler           |       |       |    43 |   175 |   301 |   390 |    92 |   147 |   858 ||  2006
       Reflection        |       |       |       |     4 |    10 |    37 |     1 |       |    16 ||    68
